 Dungeon Crawl Stone Soup version 0.28.0 (webtiles) character file.

Game seed: 14116215239118592443

16034 crazypyro the Bludgeoner (level 12, -9/120 HPs)
             Began as an Ogre Monk on Feb 4, 2022.
             Was a Priest of Qazlal.
             Mangled by a wolf spider (20 damage)
             ... on level 2 of the Lair of Beasts.
             The game lasted 00:22:29 (14064 turns).

crazypyro the Bludgeoner (Ogre Monk)               Turns: 14064, Time: 00:22:29

Health: -9/120     AC:  5    Str: 28    XL:     12   Next: 33%
Magic:  15/15      EV: 14    Int: 15    God:    Qazlal [***...]
Gold:   988        SH:  9    Dex: 11    Spells: 11/11 levels left

rFire   . . .      SeeInvis +   s - +2 giant spiked club
rCold   . . .      Faith    .   (shield currently unavailable)
rNeg    . . .      Spirit   .   v - +1 robe of Infinity {-Tele rPois Regen+ Int+4}
rPois   +          Reflect  +   I - +0 hat {SInv}
rElec   .          Harm     .   h - +1 cloak
rCorr   .          Rampage  .   (gloves unavailable)
Will    ++...      NoTele   +   (boots unavailable)
Stlth   +.........              f - amulet of reflection
HPRegen 1.10/turn               m - +4 ring of evasion
MPRegen 0.14/turn               H - +6 ring of strength

@: mighty, lethally poisoned (-9 -> -21)
A: large, unfitting armour, tough skin 1, deformed body, strong-willed 1, sturdy
frame 1
a: Renounce Religion, Upheaval, Elemental Force


You were on level 2 of the Lair of Beasts.
You worshipped Qazlal.
Qazlal was most pleased with you.
You visited 2 branches of the dungeon, and saw 13 of its levels.
You also visited: Bailey.

You collected 988 gold pieces.

Inventory:

Hand Weapons
 a - a +0 mace
 k - a +0 flail
 s - a +2 giant spiked club (weapon)
 w - the +4 mace of Exoneration {drain, rPois Will+ SInv}
   (You found it on level 5 of the Dungeon)

   A truly terrible weapon, it drains the life of any living foe it strikes.
   rPois:     It protects you from poison.
   SInv:      It lets you see invisible.
   Will:      It increases your willpower.
 F - a +1 vorpal morningstar
Missiles
 t - 2 throwing nets (quivered)
Armour
 b - a +0 robe
 h - a +1 cloak (worn)
 v - the +1 robe of Infinity (worn) {-Tele rPois Regen+ Int+4}
   (You found it on level 5 of the Dungeon)

   Int:       It affects your intelligence (+4).
   rPois:     It protects you from poison.
   -Tele:     It prevents most forms of teleportation.
   Regen:     It increases your rate of health regeneration.
 A - the +1 robe "Faromurierch" {+Blink rF+ MP+9 Dex+2}
   (You found it on level 7 of the Dungeon)

   Dex:       It affects your dexterity (+2).
   rF:        It protects you from fire.
   MP:        It affects your magic capacity (+9).
   +Blink:    It lets you blink.
 G - +0 acid dragon scales
 I - a +0 hat of see invisible (worn)
Jewellery
 f - an amulet of reflection (around neck)
 m - a +4 ring of evasion (left hand)
 n - a ring of magical power
 H - a +6 ring of strength (right hand)
Wands
 l - a wand of mindburst (6)
 y - a wand of flame (29)
 z - a wand of charming (3)
Scrolls
 c - 3 scrolls of teleportation
 d - a scroll of identify
 g - a scroll of fear
 i - 2 scrolls of fog
 B - 2 scrolls of amnesia
 D - a scroll of summoning
 J - a scroll of magic mapping
Potions
 e - 7 potions of flight
 j - a potion of mutation
 o - 5 potions of haste
 p - 3 potions of resistance
 q - a potion of curing {unknown}
 r - 2 potions of brilliance {unknown}
 u - a potion of lignification {unknown}
 x - 3 potions of heal wounds
 C - 2 potions of magic


   Skills:
 + Level 8.2 Fighting
 - Level 16.3 Maces & Flails
 + Level 1.6 Armour
 + Level 3.7 Dodging
 - Level 2.5 Stealth
 - Level 5.1 Invocations


You had 11 spell levels left.
You didn't know any spells.
Your spell library contained the following spells:

 Spells                   Type           Power      Damage    Failure   Level
 Dazzling Flash           Conj/Hex       0%         N/A       63%         3
 Agony                    Necr           0%         N/A       100%        5
 Silence                  Hex/Air        0%         N/A       100%        5


Dungeon Overview and Level Annotations

Branches:
Dungeon (11/15)            Temple (0/1) D:5            Lair (2/6) D:8
 Bailey (visited)
  Swamp: Lair:2-4    Shoals: Lair:2-4     Snake: Lair:2-4    Spider: Lair:2-4
    Orc: D:9-12

Altars:
Cheibriados
Fedhas
Hepliaklqana
Makhleb
Okawaru
Qazlal
Ru
Sif Muna
Uskayaw
Vehumet
Xom
Zin
The Shining One

Shops:
D:5 =

Annotations:
D:2 1 runed translucent door, Crazy Yiuf
D:8 3 runed translucent doors


Innate Abilities, Weirdness & Mutations

You are too large for most types of armour.
You have tough skin. (AC +1)
Armour fits poorly on your strangely shaped body.
You are strong-willed. (Will+)
Your movements are slightly less encumbered by armour. (ER -2)


Message History

The wolf spider bites you! You block the wolf's attack. The wolf bites you!
The wolf spider completely misses you. The wolf spider closely misses you.
The wolf spider hits you! You block the wolf spider's attack.
You block the wolf spider's attack. The wolf spider closely misses you.
The wolf spider hits the plant!!
The plant begins to die.
The wolf spider bites the plant.
You feel very mighty all of a sudden.
The wolf bites the plant!
The wolf bites the plant.
The wolf spider barely misses you. The wolf spider misses you.
The wolf spider hits the plant!
The wolf spider bites the plant!
The wolf bites the plant! x2
You bludgeon the wolf spider!!
The wolf spider is heavily wounded.
The wolf spider hits you!! The wolf spider bites you.
The wolf spider hits the plant!!
The wolf spider bites the plant!
The wolf bites the plant! x2
You hit the wolf spider.
The wolf spider is lightly wounded.
The wolf bites the plant.
The wolf bites the plant!
The wolf bites the plant.
You block the wolf spider's attack. x2; The wolf bites the plant.
The wolf spider closely misses you. The wolf spider barely misses you.
You bludgeon the wolf spider!!
The wolf spider is severely wounded.
The wolf bites the plant.
The wolf bites the plant! x2
You block the wolf spider's attack. The wolf spider bites you!
The wolf spider hits you!
* * * LOW HITPOINT WARNING * * *
The wolf spider bites you.
* * * LOW HITPOINT WARNING * * *
The wolf bites the plant! x3
The plant is destroyed!
The wolf spider closely misses you. The wolf spider bites you!
* * * LOW HITPOINT WARNING * * *
You are lethally poisoned!
The wolf spider poisons you!
You cannot teleport because you are wearing the +1 robe of Infinity {-Tele rPois Regen+ Int+4}.
* * * LOW HITPOINT WARNING * * *
You feel extremely sick. The wolf spider hits you!!
You die...

#....# ##...#
#....# ##...#
#..†## .## ##...#
..### ##.##
####..#..
#..h#######........
#.hhhs@.#..........
##.##s°............
###.#............#
####.###......##
### #......#
#......# ####
#......## #.P##
##......P#
#...######.........


You could see 2 wolf spiders and 4 wolves.

Vanquished Creatures
  Gastronok (Lair:1)
  Harold (D:10)
  A two-headed ogre (D:10)
  Urug (Lair:1)
  A skeletal warrior (D:11)
  An elephant (Lair:1)
  A cyclops (D:9)
  4 centaur zombies
  A cane toad (Lair:2)
  Maggie (D:8)
  A rime drake (Lair:1)
  A polar bear (Lair:1)
  A slime creature (D:9)
  Sigmund (D:2)
  2 shadows
  4 wyverns (D:9)
  A vampire (D:8)
  A wraith (D:9)
  11 yaks
  Grum (D:8)
  2 steam dragons
  4 vampire mosquitoes
  Edmund (D:5)
  4 water moccasins
  2 black bears
  A hornet zombie (D:6)
  2 sky beasts
  2 necrophages
  8 orc warriors
  4 wolves
  5 ogres
  2 centaurs (D:10)
  7 bullfrogs
  A kobold brigand (D:9)
  A wyvern zombie (D:7)
  A scorpion (D:5)
  5 wights (D:7)
  6 electric eels (D:8)
  3 howler monkeys
  2 hounds
  3 orc priests
  3 jellies (D:5)
  2 centaur skeletons
  A gnoll shaman (D:6)
  Jessica (D:2)
  2 iguanas (D:5)
  Ijyb (D:3)
  4 orc wizards
  A killer bee zombie (D:7)
  A hound skeleton (D:4)
  A howler monkey zombie (D:10)
  7 adders
  3 gnolls (D:6)
  3 howler monkey skeletons
  A white imp (D:5)
  2 ufetubi (D:5)
  An adder skeleton (D:4)
  A worm (D:4)
  A dart slug (D:1)
  17 orcs
  4 ball pythons
  2 endoplasms
  2 giant cockroaches (D:1)
  11 goblins
  6 hobgoblins
  5 jackals
  19 kobolds
  2 quokkas (D:1)
  3 bats
  8 frilled lizards
  5 rats
223 creatures vanquished.

Vanquished Creatures (collateral kills)
  A skeletal warrior (D:10)
  An orc knight (Bailey)
  A komodo dragon (Lair:1)
  A water moccasin (D:5)
  An orc warrior (Bailey)
5 creatures vanquished.

Vanquished Creatures (others)
  2 fungi
  3 plants
5 creatures vanquished.

Grand Total: 233 creatures vanquished

Notes
Turn   | Place    | Note
-------+----------+-------------------------------------------
     0 | D:1      | crazypyro the Ogre Monk began the quest for the Orb.
     0 | D:1      | Reached XP level 1. HP: 24/24 MP: 1/1
   394 | D:1      | Found a faded altar of an unknown god.
   402 | D:1      | Reached XP level 2. HP: 32/32 MP: 2/2
   430 | D:1      | Prayed at the altar of an unknown god.
   430 | D:1      | Became a worshipper of Qazlal Stormbringer
   430 | D:1      | Reached * piety under Qazlal
   430 | D:1      | Reached ** piety under Qazlal
   498 | D:1      | Reached *** piety under Qazlal
   795 | D:1      | Reached skill level 3 in Maces & Flails
   954 | D:2      | Reached XP level 3. HP: 40/40 MP: 3/3
  1138 | D:2      | Noticed Sigmund
  1154 | D:2      | HP: 2/40 [Sigmund (11)]
  1156 | D:2      | Killed Sigmund
  1157 | D:2      | Reached skill level 5 in Fighting
  1157 | D:2      | Reached XP level 4. HP: 3/50 MP: 3/5
  1157 | D:2      | Reached XP level 5. HP: 4/57 MP: 3/6
  1516 | D:2      | Found Seedwosk's Jewellery Shop.
  1929 | D:2      | Noticed Jessica
  1940 | D:2      | Killed Jessica
  1941 | D:2      | Reached XP level 6. HP: 60/66 MP: 7/7
  1976 | D:2      | Found a runed translucent door.
  1977 | D:2      | Noticed Crazy Yiuf
  2062 | D:3      | Reached skill level 4 in Maces & Flails
  2137 | D:3      | Noticed Ijyb
  2349 | D:3      | Killed Ijyb
  2846 | D:3      | Found an iron altar of Okawaru.
  3431 | D:4      | Noticed a necrophage
  3479 | D:4      | Killed a necrophage
  3480 | D:4      | Reached XP level 7. HP: 30/75 MP: 9/9
  4139 | D:4      | Reached skill level 5 in Maces & Flails
  4236 | D:4      | Found a burning altar of Makhleb.
  4381 | D:4      | Found a hazy altar of Hepliaklqana.
  4382 | D:4      | Found a snail-covered altar of Cheibriados.
  4382 | D:4      | Found a glowing golden altar of the Shining One.
  4383 | D:4      | Found a sacrificial altar of Ru.
  4384 | D:4      | Found a hide-covered altar of Uskayaw.
  4385 | D:4      | Found a radiant altar of Vehumet.
  4387 | D:4      | Found a shimmering blue altar of Sif Muna.
  4847 | D:5      | Entered Level 5 of the Dungeon
  5153 | D:5      | Found Lothreolu's Jewellery Boutique.
  5617 | D:5      | Reached XP level 8. HP: 79/84 MP: 11/11
  5679 | D:5      | Reached skill level 6 in Maces & Flails
  5949 | D:5      | Noticed Edmund
  5995 | D:5      | Killed Edmund
  5996 | D:5      | Reached skill level 5 in Invocations
  6309 | D:5      | Found a staircase to the Ecumenical Temple.
  6490 | D:5      | Reached skill level 7 in Maces & Flails
  6810 | D:5      | Identified the +1 robe of Infinity {-Tele rPois Regen+
                  | Int+4}
  6826 | D:5      | Identified the +4 mace of Exoneration {drain, rPois Will+
                  | SInv}
  6957 | D:6      | Reached XP level 9. HP: 90/94 MP: 12/12
  7094 | D:6      | Reached skill level 8 in Maces & Flails
  7498 | D:7      | Reached skill level 9 in Maces & Flails
  7664 | D:7      | Identified the +1 robe "Faromurierch" {+Blink rF+ MP+9
                  | Dex+2}
  7971 | D:7      | Reached skill level 10 in Maces & Flails
  8268 | D:8      | Found a flagged portal.
  8282 | D:8      | Reached **** piety under Qazlal
  8287 | Bailey   | Entered a bailey
  8301 | Bailey   | Noticed an orc knight
  8348 | Bailey   | Reached XP level 10. HP: 71/104 MP: 13/13
  8439 | Bailey   | Killed an orc knight
  8440 | Bailey   | Reached skill level 11 in Maces & Flails
  8726 | D:8      | Noticed Grum
  8757 | D:8      | Reached skill level 12 in Maces & Flails
  8759 | D:8      | Killed Grum
  8842 | D:8      | Found a runed translucent gate.
  8842 | D:8      | Found a runed translucent gate.
  8843 | D:8      | Found a runed translucent gate.
  8854 | D:8      | Noticed a white ugly thing
  8855 | D:8      | Noticed a purple ugly thing
  8855 | D:8      | Noticed a green ugly thing
  8857 | D:8      | Noticed a glowing orange brain
  8857 | D:8      | Noticed a brown ugly thing
  9110 | D:8      | Noticed Maggie
  9132 | D:8      | Killed Maggie
  9170 | D:8      | Found a blossoming altar of Fedhas.
  9171 | D:8      | Found a shimmering altar of Xom.
  9224 | D:8      | Found a staircase to the Lair.
  9804 | D:9      | Reached skill level 13 in Maces & Flails
 10121 | D:9      | Gained mutation: Your movements are slightly less
                  | encumbered by armour. (ER -2) [potion of mutation]
 10121 | D:9      | Gained mutation: Armour fits poorly on your strangely
                  | shaped body. [potion of mutation]
 10121 | D:9      | Gained mutation: You are strong-willed. (Will+) [potion of
                  | mutation]
 10222 | D:9      | Noticed a cyclops
 10234 | D:9      | Killed a cyclops
 10321 | D:9      | Reached XP level 11. HP: 110/110 MP: 14/14
 10437 | D:9      | Reached skill level 14 in Maces & Flails
 10836 | D:10     | Entered Level 10 of the Dungeon
 10940 | D:10     | Noticed Harold
 10950 | D:10     | Killed Harold
 11053 | D:10     | Found a glowing silver altar of Zin.
 11647 | D:11     | Noticed a skeletal warrior
 11647 | D:11     | Noticed a skeletal warrior
 11648 | D:11     | Noticed a skeletal warrior
 11656 | D:11     | Killed a skeletal warrior
 11657 | D:11     | Reached skill level 15 in Maces & Flails
 11759 | D:10     | Killed a skeletal warrior
 12010 | D:11     | Noticed a two-headed ogre
 12011 | D:11     | Noticed a deep elf zephyrmancer
 12013 | D:11     | Noticed a deep elf zephyrmancer
 12013 | D:11     | Noticed a deep elf pyromancer
 12153 | D:11     | Noticed a deep elf pyromancer
 12153 | D:11     | Noticed a deep elf pyromancer
 12153 | D:11     | Noticed a deep elf zephyrmancer
 12157 | D:10     | Killed a two-headed ogre
 12279 | Lair:1   | Entered Level 1 of the Lair of Beasts
 12288 | Lair:1   | Noticed Urug
 12297 | Lair:1   | Killed Urug
 12475 | Lair:1   | Noticed Gastronok
 12485 | Lair:1   | Killed Gastronok
 12486 | Lair:1   | Reached skill level 16 in Maces & Flails
 12486 | Lair:1   | Reached XP level 12. HP: 74/119 MP: 15/15
 13204 | Lair:1   | Reached skill level 1 in Armour
 13640 | Lair:1   | Noticed an eight-headed hydra
 14064 | Lair:2   | Mangled by a wolf spider

Illustrated notes

Levels and vault maps discovered:
D:1:      nzn_arrival_settlement, layout_basic, ebering_ecumenical_altar_rust
D:2:      layout_loops_ring, serial_shops, nicolae_shop_waterfront,
          amcnicky_mini_corridor_feature, grunt_ministairs_13,
          uniq_crazy_yiuf_cottage, uniq_sigmund, uniq_jessica
D:3:      layout_basic, okawaru_gym_becter, uniq_ijyb
D:4:      layout_layer_cave, minitemple, minmay_pentomino_pile
D:5:      cheibrodos_quashed, layout_rooms, minmay_temple_entry_junction,
          serial_shops, nicolae_shop_hallway_plus, minmay_bent, uniq_edmund
D:6:      layout_basic
D:7:      layout_basic
D:8:      layout_rooms, kennysheep_mini_moat, mainiacjoe_overflow_catwalk,
          dpeg_oklobed_lair, ploomutoo_gammafunk_ghost_potion_laboratory,
          enter_bailey_3, kennysheep_boxes, uniq_grum, uniq_maggie
D:9:      minmay_opposing_rooms, layout_long_grid, nicolae_underground_beach
D:10:     layout_small_grid, lemuel_tele_altar, minmay_misc_feat_nine_boxes,
          uniq_harold
D:11:     layout_cave_pools, david_orc_4, gauntlet_entry_generic,
          minmay_st_funbox, elves_outpost_lemuel
Lair:1:   layout_hall_layers, uniq_gastronok, uniq_urug
Lair:2:   layout_layer_cave, minmay_shoals_entry_lonely_mermaid,
          nicolae_lair_run_with_the_wolves

Skill      XL: |  1  2  3  4  5  6  7  8  9 10 11 12 |
---------------+-------------------------------------+-----
Maces & Flails | 3 4 5 7 10 13 16 | 16.3
Dodging        | 3 |  3.7
Fighting       | 5 6 7 8 |  8.2
Stealth        | 2 |  2.5
Invocations    | 2 3 4 5 |  5.1
Armour         | 1 |  1.6

Action                   |  1- 3 |  4- 6 |  7- 9 | 10-12 || total
-------------------------+-------+-------+-------+-------++-------
Melee: Mace              |    92 |   104 |   152 |   109 ||   457
       Flail             |       |    53 |    67 |       ||   120
       Punch             |       |     4 |       |     1 ||     5
       Giant spiked club |       |       |   112 |   220 ||   332
Invok: Upheaval          |       |     1 |     1 |     2 ||     4
       Elemental Force   |       |       |     1 |     4 ||     5
  Use: Scroll            |       |       |     6 |    16 ||    22
       Potion            |       |       |     4 |     2 ||     6
 Stab: Sleeping          |     2 |       |       |       ||     2
Armor: Robe              |    32 |    37 |    50 |    36 ||   155
Dodge: Dodged            |    38 |    52 |   180 |   172 ||   442
       Repelled          |       |       |       |     1 ||     1
Block: Other             |    40 |    86 |   172 |   158 ||   456
       Reflection        |       |     1 |     7 |     2 ||    10
